 Dungeon Crawl Stone Soup version 0.28-a0-1143-gcf6077d4cc (webtiles) character file.

Game seed: 4344146454833340180

139272 tnor the Convoker (level 16, -1/92 HPs)
             Began as a Deep Elf Summoner on Dec 13, 2021.
             Was a High Priest of Sif Muna.
             Slain by a nameless horror (23 damage)
             ... created by miscasting Dragon's Call
             ... on level 1 of the Snake Pit on Dec 14, 2021.
             The game lasted 02:29:29 (35506 turns).

tnor the Convoker (Deep Elf Summoner)              Turns: 35506, Time: 02:29:30

Health: -1/92      AC: 15    Str:  7      XL:     16   Next: 73%
Magic:  0/39       EV: 19    Int: 26 (27) God:    Sif Muna [*****.]
Gold:   1649       SH: 16    Dex: 17      Spells: 0/50 levels left

rFire   + . .      SeeInvis +   b - +4 dagger (venom)
rCold   + . .      Faith    .   Q - +2 buckler {AC+3}
rNeg    . . .      Spirit   .   m - +2 robe {rC+ rF+}
rPois   .          Reflect  +   G - +2 hat {Stlth+}
rElec   .          Harm     .   M - +2 cloak
rCorr   .          Rampage  .   l - +0 pair of gloves {Stlth+}
Will    +....                   u - +1 pair of boots
Stlth   +++++++...              O - amulet of reflection
HPRegen 1.05/turn               t - +4 ring of slaying
MPRegen 0.26/turn               v - ring of see invisible

@: no status effects
A: horns 1, large bone plates 1, regeneration 1, strong 1
a: Renounce Religion, Channel Magic, Forget Spell, Divine Exegesis


You were on level 1 of the Snake Pit.
You worshipped Sif Muna.
Sif Muna was extremely pleased with you.
You visited 5 branches of the dungeon, and saw 26 of its levels.
You visited the Abyss 1 time.
You also visited: Ice Cave.

You collected 2777 gold pieces.
You spent 1128 gold pieces at shops.

Inventory:

Hand Weapons
 a - the +5 mace of tnor's Painful Death {flame, rElec rCorr Str-2 Dex+10}
   (You found it on level 5 of the Dungeon)

   It burns those it strikes, dealing additional fire damage.
   Str:       It affects your strength (-2).
   Dex:       It affects your dexterity (+10).
   rElec:     It insulates you from electricity.
   rCorr:     It protects you from acid and corrosion.
 b - a +4 dagger of venom (weapon)
Missiles
 A - 4 curare-tipped darts
 D - 4 throwing nets
Armour
 g - a +0 leather armour of poison resistance
 l - a +0 pair of gloves of stealth (worn)
 m - a +2 robe of resistance (worn)
 u - a +1 pair of boots (worn)
 x - a +2 robe of the Archmagi
 G - a +2 hat of stealth (worn)
 H - a +2 scale mail of cold resistance
 M - a +2 cloak (worn)
 N - a +2 helmet
 Q - a +2 buckler of protection (worn)
 Z - the +3 scale mail of the Bells {rPois}
   (You found it on level 13 of the Dungeon)

   rPois:     It protects you from poison.
Magical Staves
 c - a staff of air
 n - a staff of conjuration
Jewellery
 t - a +4 ring of slaying (left hand)
 v - a ring of see invisible (right hand)
 O - an amulet of reflection (around neck)
 P - a ring of protection from fire
 S - a ring of resist corrosion
 T - a ring of protection from cold
 W - a ring of protection from fire
 X - an amulet of guardian spirit
Wands
 o - a wand of polymorph (11)
 s - a wand of paralysis (3)
 y - a wand of acid (8)
 C - a wand of mindburst (28)
 E - a wand of iceblast (15)
 L - a wand of digging (18)
 U - a wand of flame (9)
Scrolls
 e - 2 scrolls of teleportation
 f - 3 scrolls of fear
 h - a scroll of brand weapon
 k - 6 scrolls of identify
 r - 4 scrolls of magic mapping
 z - 2 scrolls of fog
 F - 2 scrolls of amnesia
 I - a scroll of immolation
 Y - a scroll of silence
Potions
 d - 3 potions of attraction
 i - 2 potions of brilliance
 j - 7 potions of might
 p - a potion of mutation
 q - a potion of flight
 w - 3 potions of curing
 J - a potion of ambrosia
 K - a potion of invisibility
 V - a potion of berserk rage
Miscellaneous
 B - a box of beasts (inert)
 R - a lightning rod (inert)


   Skills:
 - Level 7.0 Fighting
 - Level 10.0 Short Blades
 - Level 0.1(0.2) Maces & Flails
 - Level 0.6(0.7) Staves
 - Level 12.0 Dodging
 - Level 10.0 Stealth
 - Level 4.0 Shields
 + Level 17.7 Spellcasting
 + Level 3.2 Conjurations
 - Level 8.0 Hexes
 - Level 20.0 Summonings
 - Level 5.0 Air Magic
 - Level 5.0 Invocations
 - Level 5.0 Evocations


You couldn't memorise any spells.
You knew the following spells:

 Your Spells              Type           Power      Damage    Failure   Level
a - Summon Small Mammal   Summ           100%       N/A       0%          1
b - Call Canine Familiar  Summ           91%        N/A       0%          3
c - Summon Lightning Spi  Summ/Air       73%        N/A       1%          4
d - Summon Guardian Gole  Hex/Summ       77%        N/A       1%          3
e - Dragon's Call         Summ           45%        N/A       50%         9
f - Call Imp              Summ           91%        N/A       0%          2
g - Summon Cactus Giant   Summ           45%        N/A       1%          6
h - Summon Mana Viper     Hex/Summ       77%        N/A       1%          5
i - Summon Forest         Summ/Tloc      33%        N/A       1%          5
j - Animate Armour        Summ/Erth      100%       N/A       1%          4
k - Summon Horrible Thin  Summ           45%        N/A       3%          8

Your spell library contained the following spells:

 Spells                   Type           Power      Damage    Failure   Level
 Animate Skeleton         Necr           46%        N/A       1%          1
 Apportation              Tloc           46%        N/A       1%          1
 Beastly Appendage        Tmut           46%        N/A       1%          1
 Freeze                   Ice            92%        1d10      1%          1
 Pain                     Necr           92%        1d8       1%          1
 Sandblast                Erth           46%        2d11      1%          1
 Slow                     Hex            100%       N/A       1%          1
 Sting                    Tmut/Pois      92%        1d7       1%          1
 Corpse Rot               Necr/Air       72%        N/A       1%          2
 Ensorcelled Hibernation  Hex/Ice        86%        N/A       1%          2
 Poisonous Vapours        Pois/Air       72%        N/A       1%          2
 Confusing Touch          Hex            59%        N/A       1%          3
 Dazzling Flash           Conj/Hex       100%       N/A       1%          3
 Summon Ice Beast         Ice/Summ       66%        N/A       1%          4
 Monstrous Menagerie      Summ           45%        N/A       1%          7
 Wereblood                Tmut           23%        N/A       3%          2
 Conjure Flame            Conj/Fire      31%        6-21      3%          3
 Stone Arrow              Conj/Erth      62%        3d10      3%          3
 Leda's Liquefaction      Hex/Erth       21%        N/A       4%          4
 Silence                  Hex/Air        27%        N/A       4%          5
 Frozen Ramparts          Ice            46%        1d6       6%          3
 Ignite Poison            Fire/Tmut/Pois 23%        N/A       6%          3
 Ozocubu's Armour         Ice            23%        N/A       6%          3
 Spider Form              Tmut/Pois      23%        N/A       6%          3
 Flame Wave               Conj/Fire      31%        2d7       11%         4
 Hailstorm                Conj/Ice       31%        3d8       11%         4
 Sticky Flame             Conj/Fire      31%        2d5       11%         4
 Metabolic Englaciation   Hex/Ice        21%        N/A       11%         5
 Yara's Violent Unravell  Hex/Tmut       21%        3d10      11%         5
 Spellforged Servitor     Conj/Summ      35%        N/A       16%         7
 Animate Dead             Necr           11%        N/A       21%         4
 Olgreb's Toxic Radiance  Pois           23%        N/A       21%         4
 Haunt                    Necr/Summ      33%        N/A       28%         7
 Agony                    Necr           23%        N/A       50%         5
 Alistair's Intoxication  Tmut/Pois      15%        N/A       50%         5
 Borgnjor's Vile Clutch   Necr/Erth      11%        N/A       50%         5
 Lee's Rapid Deconstruct  Erth           11%        3d9*      50%         5
 Conjure Ball Lightning   Conj/Air       22%        3x3d6     52%         6
 Simulacrum               Ice/Necr       11%        N/A       97%         6
 Statue Form              Tmut/Erth      15%        N/A       97%         6
 Discord                  Hex            29%        N/A       99%         8
 Ozocubu's Refrigeration  Ice            11%        4d7       100%        7
 Disjunction              Tloc           11%        N/A       100%        8
 Polar Vortex             Ice            11%        N/A       100%        9


Dungeon Overview and Level Annotations

Branches:
Dungeon (15/15)            Temple (0/1) D:6            Lair (6/6) D:10
 Shoals (2/4) Lair:2        Snake (1/4) Lair:2          Orc (2/2) D:12
    Elf (0/3) Orc:2        Vaults (0/5) D:14         Depths (0/4) D:15
  IceCv (visited)
  Slime: Lair:5-6

Altars:
Elyvilon
Fedhas
Gozag
Hepliaklqana
Kikubaaqudgha
Ru
Sif Muna
Trog
Xom
Zin
The Shining One
Beogh

Shops:
D:4 (   D:14 ?   Orc:2 [!(!   Shoals:1 [

Annotations:
D:12 3 runed translucent doors, mitch45678's ghost, journeyman MiNe
D:15 3 runed translucent doors
Lair:4 3 runed translucent doors, spiderkeys's ghost, journeyman FeAK
Lair:5 Rupert
Lair:6 exclusion: obsidian statue
Shoals:2 Ilsuiw
Orc:2 2 transporters, fragbeetle's ghost, journeyman MfTm


Innate Abilities, Weirdness & Mutations

You have a pair of small horns on your head.
You are partially covered in large bone plates. (SH +4)
Your natural rate of healing is unusually fast.
Your muscles are strong. (Str +2)


Message History

The nameless horror is severely damaged.
The nameless horror hits you but does no damage.
You hit the nameless horror but do no damage.
The nameless horror is severely damaged.
You hit the nameless horror but do no damage.
You headbutt the nameless horror, but do no damage.
The nameless horror is severely damaged.
The nameless horror hits you!
You feel your power leaking away.
You are too injured to fight recklessly!
You are too injured to fight recklessly!
You are too injured to fight recklessly!
You are too injured to fight recklessly!
You hit the nameless horror but do no damage.
The nameless horror is severely damaged.
You hit the nameless horror but do no damage.
You headbutt the nameless horror.
The nameless horror is severely damaged.
You block the nameless horror's attack.
You hit the nameless horror.
The nameless horror is severely damaged.
You hit the nameless horror but do no damage.
You headbutt the nameless horror!
The nameless horror is almost destroyed.
The nameless horror hits you!
You hit the nameless horror but do no damage.
The nameless horror is almost destroyed.
You hit the nameless horror but do no damage.
The nameless horror is almost destroyed.
The nameless horror hits you but does no damage.
You hit the nameless horror.
The nameless horror is almost destroyed.
You puncture the nameless horror!
You headbutt the nameless horror, but do no damage.
The nameless horror is almost destroyed.
The nameless horror hits you!
* * * LOW HITPOINT WARNING * * *
You feel your power leaking away.
You feel better. The nameless horror hits you!!
You die...

.##............####...##
.#....†...#....####.###
..^...#...#.........#
N##...#....)........#
.#...##...§.........#
.#...##.....#....#.##
.#...##.....##)....#
.###......####.†X..####
.# .....### ##.@.....#
.#...#### ####....#
.#... #.....# #. #....##
#....# #.#### #( #. ..


You could see a nameless horror.

Vanquished Creatures
  Mlioglotl (Shoals:1)
  A quicksilver ooze (IceCv)
  Snorg (Orc:2)
  A merfolk impaler (Shoals:1)
  4 boulder beetles
  4 hydras
  An ogre mage (Orc:2)
  Erica (D:11)
  5 two-headed ogres
  A merfolk aquamancer (Shoals:2)
  A catoblepas (Shoals:2)
  An anaconda (Snake:1)
  A centaur warrior (D:14)
  4 death yaks
  A tengu warrior (D:13)
  Urug (D:11)
  Nergalle (D:12)
  A skeletal warrior (D:14)
  A sea snake (Shoals:1)
  A wretched star (Abyss:2)
  A mana viper (Snake:1)
  An orc knight (Orc:1)
  3 harpies (Shoals:1)
  A naga ritualist (Snake:1)
  Pikel (D:7)
  A cyclops (D:15)
  A faun (Shoals:1)
  4 elephants
  4 ugly things
  A black mamba (Snake:1)
  2 water nymphs (Shoals:1)
  A smoke demon (Abyss:2)
  3 cane toads
  2 entropy weaver simulacra (IceCv)
  Psyche (D:12)
  2 rime drakes
  2 kobold demonologists (D:12)
  A tengu conjurer (D:14)
  5 komodo dragons
  4 merfolk
  A snapping turtle (Shoals:1)
  2 slime creatures
  3 dream sheep (Lair:4)
  3 spectral elephants (Lair:6)
  A vampire (Abyss:2)
  2 wraiths
  A large abomination (Abyss:2)
  6 yaks
  A fire bat (Lair:3)
  A wyvern (Lair:4)
  3 basilisks
  2 hogs (Lair:6)
  A steam dragon (D:9)
  2 nagas (Snake:1)
  6 water moccasins
  An orc warrior (D:12)
  A black bear (D:10)
  12 wolves
  11 ogres
  2 centaurs
  2 small abominations (Abyss:2)
  An elephant skeleton (Lair:6)
  A phantom (D:5)
  2 kobold brigands
  8 bullfrogs
  A cane toad simulacrum (Lair:6)
  A scorpion (D:5)
  A killer bee (D:9)
  2 electric eels (D:12)
  A howler monkey (D:9)
  A centaur zombie (D:6)
  A quasit (Abyss:2)
  3 hounds
  An orc priest (D:10)
  3 jellies
  5 iguanas
  Natasha (twice) (D:2)
  4 orc wizards
  A scorpion zombie (D:5)
  2 gnolls (D:8)
  3 adders
  2 shadow imps
  A white imp (Abyss:2)
  An adder skeleton (D:5)
  2 worms (D:2)
  A dart slug (D:4)
  9 orcs
  5 ball pythons
  5 bats
  An endoplasm (D:1)
  A giant cockroach (D:2)
  4 goblins
  2 hobgoblins
  2 jackals (D:4)
  3 quokkas
  A frilled lizard (D:1)
  7 kobolds
  4 rats
  A bush (D:3)
  A tentacle (Shoals:1)
235 creatures vanquished.

Vanquished Creatures (collateral kills)
  Polyphemus (Shoals:2)
  A kraken (Shoals:1)
  Kirke (Lair:6)
  Frances (Shoals:2)
  Gastronok (Orc:1)
  A rockslime (IceCv)
  2 azure jellies (IceCv)
  3 quicksilver oozes (IceCv)
  A very ugly thing (Shoals:1)
  2 dire elephants (Lair:6)
  An ettin (Orc:2)
  2 fire dragons
  Josephine (D:11)
  Erolcha (Orc:1)
  2 boulder beetles
  An ice dragon (D:15)
  A vault guard (D:14)
  7 hydras
  10 two-headed ogres
  2 anacondas (Snake:1)
  2 ogre magi (Orc:2)
  2 thrashing horrors (Abyss:2)
  3 tengu warriors
  4 death yaks
  2 naga sharpshooters (Snake:1)
  A shock serpent (Snake:1)
  A spectral death yak (Lair:6)
  3 skeletal warriors (D:15)
  2 sea snakes
  2 orange crystal statues (IceCv)
  A naga ritualist (Snake:1)
  6 harpies (Shoals:1)
  A deep elf pyromancer (D:14)
  17 ugly things
  An orc knight (Orc:2)
  2 mana vipers (Snake:1)
  3 necromancers (Lair:6)
  8 slime creatures
  2 salamanders (Snake:1)
  4 large abominations (Abyss:2)
  4 manticores
  3 cyclopes
  4 elephants
  5 black mambas
  A merfolk siren (Shoals:2)
  An ice statue (D:15)
  A smoke demon (Abyss:2)
  A water nymph (Shoals:2)
  7 cane toads
  A rime drake (Lair:3)
  4 gargoyles
  A torpor snail (Lair:3)
  2 unseen horrors
  6 komodo dragons
  2 freezing wraiths (D:14)
  An unseen horror (shapeshifter) (D:15)
  An efreet (Abyss:2)
  2 tengu conjurers
  2 merfolk (Shoals:2)
  2 entropy weaver simulacra (IceCv)
  3 trolls
  An ancient zyme (Abyss:2)
  4 very ugly thing simulacra (IceCv)
  2 polar bears
  A hornet (D:9)
  5 dream sheep
  3 blink frogs (Lair:3)
  3 snapping turtles
  3 water elementals
  A spriggan (D:12)
  A hog (Lair:6)
  A shadow (D:11)
  2 wyverns
  Eustachio (D:6)
  3 wraiths (D:11)
  5 small abominations (Abyss:2)
  16 yaks
  A steam dragon (D:6)
  3 death yak simulacra (Lair:6)
  A naga (Snake:1)
  3 demonic crawler simulacra (IceCv)
  An acid dragon (D:11)
  6 water moccasins
  2 ice beasts
  10 orc warriors
  2 black bears
  An elephant zombie (Lair:6)
  A sky beast (D:7)
  A necrophage (D:5)
  4 starcursed masses (Abyss:2)
  12 ogres
  24 wolves
  An ettin simulacrum (Abyss:2)
  4 ugly thing simulacra (IceCv)
  3 lemures (D:7)
  An elephant skeleton (Lair:6)
  4 kobold brigands
  4 bullfrogs
  A gnoll sergeant (D:10)
  A cane toad simulacrum (Lair:6)
  A deep troll simulacrum (Abyss:2)
  A scorpion (D:7)
  An elephant simulacrum (Lair:6)
  5 killer bees (D:9)
  4 wights (D:10)
  2 howler monkeys (D:9)
  A jelly (D:5)
  16 orc priests
  Jessica (D:2)
  2 gnoll shamans
  2 iguanas (Lair:2)
  13 orc wizards
  Natasha (D:2)
  A nameless horror (Lair:1)
  A howler monkey zombie (D:6)
  13 gnolls
  An adder (D:2)
  2 white imps (Abyss:2)
  A worm (D:3)
  A dart slug (D:1)
  44 orcs
  4 endoplasms
  2 giant cockroaches
  4 goblins
  5 hobgoblins
  5 jackals (D:4)
  12 kobolds
  A quokka (D:2)
  3 ball pythons
  2 bats
  3 frilled lizards
  A rat (D:2)
  2 tentacles (Shoals:1)
464 creatures vanquished.

Vanquished Creatures (others)
  An ogre mage (Orc:2)
  A boulder beetle (Lair:6)
  A two-headed ogre (D:11)
  A spectral anaconda (Lair:6)
  A necromancer (Lair:6)
  4 elephants (Lair:6)
  Joseph (D:7)
  A tengu conjurer (D:15)
  A slime creature (IceCv)
  A shadow (D:6)
  5 yaks (Lair:3)
  A hog (Lair:6)
  An ugly thing simulacrum (IceCv)
  2 ogres (Orc:2)
  An orc wizard (D:7)
  A gnoll (D:7)
  36 fungi
  A lurking horror (Abyss:2)
  67 plants
  5 snaplasher vines
  24 tentacles
  21 withered plants (Lair:6)
178 creatures vanquished.

Grand Total: 877 creatures vanquished

Notes
Turn   | Place    | Note
-------+----------+-------------------------------------------
     0 | D:1      | tnor the Deep Elf Summoner began the quest for the Orb.
     0 | D:1      | Reached XP level 1. HP: 10/10 MP: 6/6
    99 | D:1      | Noticed a great orb of eyes
   100 | D:1      | Found a faded altar of an unknown god.
   200 | D:1      | Noticed a floating eye
   200 | D:1      | Noticed an eye of devastation
   200 | D:1      | Noticed a floating eye
   317 | D:1      | Prayed at the altar of an unknown god.
   317 | D:1      | Became a worshipper of Elyvilon the Healer
   317 | D:1      | Reached * piety under Elyvilon
   477 | D:1      | Reached XP level 2. HP: 3/15 MP: 5/8
  1383 | D:2      | Reached skill level 5 in Summonings
  1566 | D:2      | Reached XP level 3. HP: 19/19 MP: 6/9
  1754 | D:2      | Noticed Jessica
  1773 | D:2      | Killed Jessica
  1774 | D:2      | Reached XP level 4. HP: 23/24 MP: 10/12
  2207 | D:2      | Noticed Natasha
  2215 | D:2      | Killed Natasha
  2398 | D:2      | Reached ** piety under Elyvilon
  2551 | D:2      | Noticed Natasha
  2557 | D:2      | Killed Natasha
  2595 | D:2      | Noticed Natasha
  2608 | D:2      | Killed Natasha
  2609 | D:2      | Reached XP level 5. HP: 26/28 MP: 12/14
  2633 | D:2      | Learned a level 3 spell: Call Canine Familiar
  2638 | D:2      | Learned a level 4 spell: Summon Lightning Spire
  3267 | D:3      | Found a shimmering altar of Xom.
  3268 | D:3      | Found a hazy altar of Hepliaklqana.
  3269 | D:3      | Noticed a spectral ugly thing
  3492 | D:3      | Reached skill level 1 in Short Blades
  3787 | D:4      | Reached skill level 5 in Spellcasting
  3998 | D:4      | Reached *** piety under Elyvilon
  4093 | D:4      | Found a glowing golden altar of the Shining One.
  4151 | D:4      | Reached XP level 6. HP: 32/32 MP: 15/15
  4225 | D:4      | Identified the +0 hunting sling "Wasipheb" {vorpal, Fly rC-
                  | rN+ Int+6}
  4263 | D:4      | Found Jixkup's Weapon Shop.
  4271 | D:4      | Reached skill level 1 in Air Magic
  4527 | D:5      | Entered Level 5 of the Dungeon
  4605 | D:5      | Noticed Sigmund
  4606 | D:5      | Noticed Sigmund
  4606 | D:5      | Sigmund changed into Sigmund the jelly
  4613 | D:5      | Killed Sigmund the jelly
  4657 | D:5      | Reached **** piety under Elyvilon
  5000 | D:5      | Reached skill level 6 in Summonings
  5114 | D:5      | Reached XP level 7. HP: 36/36 MP: 10/17
  5667 | D:5      | Identified the +5 mace of tnor's Painful Death {flame,
                  | rElec rCorr Str-2 Dex+10}
  5924 | D:6      | Noticed a steam dragon
  5933 | D:6      | Killed a steam dragon
  5934 | D:6      | Reached skill level 5 in Stealth
  5982 | D:6      | Noticed Eustachio
  5987 | D:6      | Reached XP level 8. HP: 41/41 MP: 11/19
  5990 | D:6      | Killed Eustachio
  6124 | D:6      | Reached skill level 5 in Dodging
  6324 | D:6      | Found a staircase to the Ecumenical Temple.
  6344 | D:6      | Reached ***** piety under Elyvilon
  6364 | D:6      | Found an opulent altar of Gozag.
  6385 | D:6      | Found a blossoming altar of Fedhas.
  6528 | D:6      | Identified the +0 leather armour "Ataju" {Str+3}
  6651 | D:6      | Reached skill level 7 in Summonings
  7114 | D:7      | Noticed an unseen horror
  7200 | D:7      | Noticed a two-headed ogre
  7218 | D:7      | Killed a two-headed ogre
  7219 | D:7      | Reached XP level 9. HP: 45/45 MP: 13/22
  7271 | D:7      | Learned a level 3 spell: Summon Guardian Golem
  7546 | D:7      | Reached skill level 8 in Summonings
  7556 | D:7      | Reached skill level 5 in Short Blades
  7634 | D:7      | Killed an unseen horror
  7635 | D:7      | Reached skill level 5 in Air Magic
  7752 | D:7      | Found a shimmering blue altar of Sif Muna.
  7762 | D:7      | Fell from the grace of Elyvilon
  7762 | D:7      | Became a worshipper of Sif Muna the Loreminder
  7789 | D:7      | Noticed Joseph
  7816 | D:7      | Killed Joseph
  8235 | D:7      | Noticed Pikel
  8247 | D:7      | Killed Pikel
  8457 | D:8      | Reached XP level 10. HP: 27/50 MP: 21/25
  8907 | D:8      | Reached * piety under Sif Muna
  9383 | D:9      | Noticed a gargoyle
 10004 | D:9      | Found an ancient bone altar of Kikubaaqudgha.
 10067 | D:9      | Killed a gargoyle
 10068 | D:9      | Reached skill level 1 in Fighting
 10068 | D:9      | Reached skill level 9 in Summonings
 10149 | D:9      | Found a bloodstained altar of Trog.
 10966 | D:9      | Reached skill level 10 in Spellcasting
 11325 | D:10     | Entered Level 10 of the Dungeon
 11392 | D:10     | Reached ** piety under Sif Muna
 11423 | D:10     | Noticed a two-headed ogre
 11440 | D:10     | Killed a two-headed ogre
 11764 | D:10     | Found a staircase to the Lair.
 11844 | D:10     | Found a sacrificial altar of Ru.
 12163 | D:10     | Identified the +1 leather armour of Tender Moments {Stlth+}
 12652 | Lair:1   | Entered Level 1 of the Lair of Beasts
 12654 | Lair:1   | Reached XP level 11. HP: 60/60 MP: 27/27
 12810 | Lair:1   | Reached skill level 10 in Dodging
 12856 | Lair:1   | Reached *** piety under Sif Muna
 13657 | Lair:1   | Noticed a four-headed hydra
 13668 | Lair:1   | Killed a four-headed hydra
 13792 | Lair:1   | You fall into a shaft and drop 1 floor!
 13826 | Lair:2   | Noticed an eight-headed hydra
 13835 | Lair:2   | Killed an eight-headed hydra
 13836 | Lair:2   | Reached skill level 5 in Fighting
 14163 | Lair:2   | Reached skill level 10 in Short Blades
 14262 | Lair:2   | Found a staircase to the Snake Pit.
 14428 | Lair:2   | Noticed a four-headed hydra
 14434 | Lair:2   | Killed a four-headed hydra
 14434 | Lair:2   | Reached **** piety under Sif Muna
 14484 | Lair:2   | Reached XP level 12. HP: 71/71 MP: 19/28
 14547 | Lair:2   | Reached skill level 1 in Invocations
 14810 | Lair:2   | Reached skill level 5 in Invocations
 14810 | Lair:2   | Reached skill level 1 in Hexes
 14926 | Lair:2   | Found a staircase to the Shoals.
 15692 | Lair:3   | Noticed a death yak
 15693 | Lair:3   | Noticed a death yak
 15699 | Lair:3   | Killed a death yak
 15700 | Lair:3   | Reached skill level 10 in Summonings
 15711 | Lair:3   | Killed a death yak
 15785 | Lair:3   | Reached skill level 11 in Summonings
 15785 | Lair:3   | Reached skill level 1 in Evocations
 16231 | Lair:3   | Reached skill level 5 in Evocations
 16901 | Lair:4   | Reached ***** piety under Sif Muna
 17147 | Lair:4   | Found a runed translucent gate.
 17149 | Lair:4   | Found a runed translucent gate.
 17150 | Lair:4   | Found a runed translucent gate.
 17150 | Lair:4   | Noticed spiderkeys's ghost (journeyman FeAK)
 17374 | Lair:4   | Reached XP level 13. HP: 76/76 MP: 29/29
 18203 | Lair:5   | Noticed Rupert
 18213 | Lair:6   | Entered Level 6 of the Lair of Beasts
 18224 | Lair:6   | Reached skill level 10 in Stealth
 18808 | Lair:6   | Reached skill level 1 in Shields
 18916 | Lair:6   | Found a bloodstained altar of Trog.
 19488 | Lair:6   | Noticed Kirke
 19505 | Lair:6   | Noticed a sphinx
 19671 | Lair:6   | Received a gift from Sif Muna
 19674 | Lair:6   | Got Sif Muna's Grimoire of the Excruciating Escort {god
                  | gift}
 19677 | Lair:6   | Killed Kirke
 19793 | Lair:6   | Learned a level 9 spell: Dragon's Call
 19796 | Lair:6   | Learned a level 2 spell: Call Imp
 19872 | Lair:6   | Noticed a dire elephant
 20162 | Lair:6   | Reached skill level 12 in Summonings
 20437 | Lair:6   | Reached skill level 13 in Summonings
 20742 | Lair:6   | Noticed a dire elephant
 20757 | Lair:6   | Killed a dire elephant
 21246 | Lair:6   | Killed a dire elephant
 21266 | Lair:6   | HP: 3/69 [necromancer/bolt of negative energy (30)]
 22370 | D:11     | Reached skill level 14 in Summonings
 22453 | D:11     | Reached XP level 14. HP: 78/80 MP: 18/30
 22521 | D:11     | Noticed Erica
 22530 | D:11     | Killed Erica
 22837 | D:11     | Noticed Urug
 22867 | D:11     | Killed Urug
 23259 | D:11     | Noticed Josephine
 23287 | D:11     | Killed Josephine
 23839 | D:12     | Noticed Sonja
 23845 | D:12     | Cast into level 2 of the Abyss (Sonja)
 23874 | Abyss:2  | Received a gift from Sif Muna
 23875 | Abyss:2  | Reached skill level 15 in Summonings
 23883 | Abyss:2  | Learned a level 6 spell: Summon Cactus Giant
 23889 | Abyss:2  | Learned a level 5 spell: Summon Mana Viper
 24128 | Abyss:2  | Gained mutation: You tend to lose your temper in combat.
                  | [potion of mutation]
 24128 | Abyss:2  | Gained mutation: Your natural rate of healing is unusually
                  | fast. [potion of mutation]
 24130 | Abyss:2  | Lost mutation: You tend to lose your temper in combat.
                  | [potion of mutation]
 24130 | Abyss:2  | Gained mutation: You have a pair of small horns on your
                  | head. [potion of mutation]
 24130 | Abyss:2  | Gained mutation: You are partially covered in large bone
                  | plates. (SH +4) [potion of mutation]
 24130 | Abyss:2  | Gained mutation: Your muscles are strong. (Str +2) [potion
                  | of mutation]
 24182 | Abyss:2  | Noticed a lich
 24613 | D:12     | Escaped the Abyss
 24623 | D:12     | Noticed Sonja
 24623 | D:12     | Sonja changed into Sonja the spriggan
 24627 | D:12     | Killed Sonja the spriggan
 24782 | D:12     | Noticed Psyche
 24783 | D:12     | Noticed Nergalle
 24793 | D:12     | Killed Psyche
 24815 | D:12     | Killed Nergalle
 25066 | D:12     | Reached skill level 5 in Hexes
 25306 | D:12     | Found a staircase to the Orcish Mines.
 25753 | D:12     | Found a runed translucent gate.
 25753 | D:12     | Found a runed translucent gate.
 25753 | D:12     | Found a runed translucent gate.
 25753 | D:12     | Noticed mitch45678's ghost (journeyman MiNe)
 26671 | D:13     | Identified the +3 scale mail of the Bells {rPois}
 26965 | D:14     | Found Ifockuel's Magic Scroll Boutique.
 27072 | D:14     | Bought a scroll of teleportation for 51 gold pieces
 27072 | D:14     | Bought a scroll of teleportation for 51 gold pieces
 27072 | D:14     | Bought a scroll of enchant armour for 127 gold pieces
 27082 | D:14     | Bought a scroll of blinking for 127 gold pieces
 27282 | D:14     | Reached skill level 16 in Summonings
 27434 | D:14     | Received a gift from Sif Muna
 27435 | D:14     | Got Sif Muna's Almanac of Evil Secrets {god gift}
 27515 | D:14     | Found a glowing silver altar of Zin.
 27595 | D:14     | Found a gate to the Vaults.
 27644 | D:14     | Reached XP level 15. HP: 75/86 MP: 14/33
 27831 | D:14     | Identified the +9 halberd "Raeziure" {vorpal, Dex+3}
 28113 | D:15     | Entered Level 15 of the Dungeon
 28176 | D:15     | Found a runed translucent door.
 28345 | D:15     | Found a runed translucent door.
 28681 | D:15     | Found a runed translucent door.
 28755 | D:15     | Found a runed translucent door.
 28931 | D:15     | Found a staircase to the Depths.
 29012 | D:15     | Found a white marble altar of Elyvilon.
 29444 | Orc:1    | Entered Level 1 of the Orcish Mines
 29447 | Orc:1    | Noticed Erolcha
 29453 | Orc:1    | Killed Erolcha
 29524 | Orc:1    | Learned a level 5 spell: Summon Forest
 29962 | Orc:2    | Entered Level 2 of the Orcish Mines
 30119 | Orc:2    | Noticed Snorg
 30129 | Orc:2    | Killed Snorg
 30130 | Orc:2    | Reached skill level 17 in Summonings
 30216 | Orc:2    | Found a staircase to the Elven Halls.
 30245 | Orc:2    | Noticed fragbeetle's ghost (journeyman MfTm)
 30246 | Orc:2    | Found a transporter.
 30255 | Orc:2    | Found a transporter.
 30497 | Orc:2    | Reached skill level 15 in Spellcasting
 30498 | Orc:2    | Received a gift from Sif Muna
 30501 | Orc:2    | Got Qolum's Incunabulum of the Lethal Rocks {god gift}
 30652 | Orc:2    | Found Radwuik's Antique Weapon Emporium.
 30652 | Orc:2    | Found Xituf's Antique Armour Boutique.
 30652 | Orc:2    | Found Ushret's Distillery.
 30652 | Orc:2    | Found Aleacsuuck's Distillery.
 30686 | Orc:2    | Bought a pair of runed gloves for 187 gold pieces
 30686 | Orc:2    | Bought a runed hat for 175 gold pieces
 31047 | Orc:1    | Noticed Gastronok
 31057 | Orc:1    | Killed Gastronok
 31511 | Shoals:1 | Entered Level 1 of the Shoals
 31518 | Shoals:1 | Reached skill level 18 in Summonings
 31521 | Shoals:1 | Noticed a kraken
 31547 | Shoals:2 | Noticed Polyphemus
 31623 | Shoals:1 | Killed a kraken
 31784 | Shoals:1 | Found a frozen archway.
 31918 | Shoals:1 | Found Biwisael's Antique Armour Emporium.
 31933 | IceCv    | Entered an ice cave
 32155 | IceCv    | Reached XP level 16. HP: 92/92 MP: 25/37
 32170 | IceCv    | Reached skill level 19 in Summonings
 33065 | IceCv    | Found a viscous altar of Jiyva.
 33083 | IceCv    | Got Fuxawk's Handbook of Snow
 33178 | Shoals:1 | Learned a level 4 spell: Animate Armour
 33221 | Shoals:1 | Bought a slimy robe for 205 gold pieces
 33221 | Shoals:1 | Identified the +1 robe of Compression {rF+ rC+} (You bought
                  | it in a shop on level 1 of the Shoals)
 33221 | Shoals:1 | Bought a distressingly furry robe for 205 gold pieces
 33221 | Shoals:1 | Identified the +0 robe "Zuqumuri" {Drain rElec Will+ Int+3}
                  | (You bought it in a shop on level 1 of the Shoals)
 33466 | Shoals:1 | Noticed Mlioglotl
 33485 | Shoals:1 | Killed Mlioglotl
 33615 | Shoals:1 | Reached skill level 20 in Summonings
 33943 | Shoals:1 | Identified the +2 chain mail "Ceackaah" {rCorr}
 34253 | Shoals:2 | Noticed a kraken
 34287 | Shoals:2 | Noticed Ilsuiw
 34482 | Shoals:2 | Noticed Frances
 34490 | Shoals:2 | Killed Frances
 34515 | Shoals:2 | Killed Polyphemus
 34550 | Shoals:2 | HP: 1/92 [faun/sling bullet (13)]
 34767 | Snake:1  | Entered Level 1 of the Snake Pit
 34979 | Snake:1  | Learned a level 7 spell: Spellforged Servitor
 35064 | Snake:1  | Reached skill level 1 in Conjurations
 35312 | Snake:1  | Received a gift from Sif Muna
 35313 | Snake:1  | Got Sif Muna's Disquisition on Malediction and the
                  | Entourage {god gift}
 35457 | Lair:2   | Learned a level 8 spell: Summon Horrible Things
 35506 | Snake:1  | Slain by a nameless horror

Illustrated notes

Levels and vault maps discovered:
D:1:      minmay_arrival_four_houses, layout_basic,
          hellmonk_ecumenical_altar_watching_god, palyth_stone_intersect
D:2:      layout_loops_ring, hangedman_decor_push, uniq_natasha, uniq_jessica
D:3:      layout_rooms, regret_index_temple_of_mockery, serial_forest,
          infiniplex_forest_clump_small, infiniplex_forest_clump_double,
          infiniplex_forest_clump_medium, infiniplex_forest_end_double,
          infiniplex_forest_end_3, infiniplex_forest_lined_4_way,
          kennysheep_generic_room_10
D:4:      layout_cave_pools, mainiacjoe_overflow_24_doors, serial_shops,
          nicolae_shop_bloodbath_and_beyond
D:5:      layout_basic, uniq_sigmund
D:6:      nicolae_cairo_tiling_very_big, layout_loops_ring, old_standard_altar,
          mainiacjoe_overflow_tiny_flanked, minmay_temple_entry_glassed_door,
          chequers_mini_garden, uniq_eustachio
D:7:      layout_loops_ring, mainiacjoe_overflow_alcove_1, dk_rats_in_the_wall,
          uniq_pikel, uniq_joseph
D:8:      layout_loops_ring
D:9:      layout_loops_corners, kiku_gazebo_pond_becter,
          mainiacjoe_overflow_paths, minmay_curled_crystal
D:10:     layout_irregular_city, nicolae_ru_sacrificial_ziggurat,
          grunt_lair_entry_orc_guard_hut, minmay_misc_feat_rows
D:11:     layout_stronghold, uniq_josephine, uniq_erica, uniq_urug
D:12:     layout_basic, minmay_orc_entry_temple_small,
          gammafunk_ghost_necromancy, roderic_roman_lattice, uniq_psyche,
          uniq_nergalle, uniq_sonja
D:13:     layout_irregular_city
D:14:     layout_long_grid, david_vaults_5, serial_shops, shop, zin_scriptorium
D:15:     grunt_enter_depths_hoard, layout_rooms, elyvilon_altar_3,
          minmay_statue_crystal_thing
Lair:1:   layout_cellular_growth, grunt_forest_large_clearings
Lair:2:   beast_lair_carwin_large_3, layout_small_grid, minmay_shoals_entry_hut,
          guppyfry_snake_entry_garden, lemuel_fruit_tree
Lair:3:   layout_concentric_octagons, nicolae_quartered_pool_medium,
          dreamdust_deal_with_the_devil, lemuel_fruit_fields
Lair:4:   layout_cave_pods, gammafunk_ghost_split, grunt_megastairs_5,
          serial_bayou_shore_b
Lair:5:   layout_long_grid, dpeg_slime_entry_enclosed_altar,
          eino_house_with_fridge, grunt_megastairs_3, uniq_rupert
Lair:6:   due_jungle_book, layout_loops_ring, basic_altar, st_stairs_13,
          lemuel_fruit_fields, infiniplex_staircase_pool_2, uniq_kirke
Shoals:1: layout_shoals, serial_shops, nicolae_shop_crystal,
          portal_ice_cave_entry_ugly_swarm, uniq_mlioglotl
Shoals:2: layout_shoals, uniq_frances, uniq_ilsuiw, uniq_polyphemus
Snake:1:  layout_misc_corridors, nicolae_shop_firing_range
Orc:1:    nicolae_orc_accident_2, layout_caves, uniq_gastronok, uniq_erolcha
Orc:2:    st_orc_ogre_mass, layout_caves, gammafunk_ghost_smash, uniq_snorg

Skill      XL: |  1  2  3  4  5  6  7  8  9 10 11 12 13 14 15 16 |
---------------+-------------------------------------------------+-----
Summonings     | 5 6 7 8 9 11 14 16 18 20 | 20.0
Spellcasting   | 4 5 6 7 9 10 12 15 17 | 17.7
Stealth        | 3 4 5 9 10 | 10.0
Dodging        | 3 4 6 7 9 11 12 | 12.0
Short Blades   | 1 2 3 4 6 8 10 | 10.0
Air Magic      | 1 2 4 5 |  5.0
Fighting       | 3 6 7 |  7.0
Invocations    | 5 |  5.0
Hexes          | 1 7 8 |  8.0
Evocations     | 5 |  5.0
Shields        | 4 |  4.0
Conjurations   | 3 |  3.2
Maces & Flails | |  0.1
Staves         | |  0.6

Action                   |  1- 3 |  4- 6 |  7- 9 | 10-12 | 13-15 | 16-18 || total
-------------------------+-------+-------+-------+-------+-------+-------++-------
Melee: Staff             |    19 |       |       |       |       |       ||    19
       Club              |       |    23 |       |       |       |       ||    23
       Dagger            |       |   153 |    72 |   305 |   628 |   194 ||  1352
       Headbutt          |       |       |       |       |    80 |    40 ||   120
Throw: Dart              |     1 |       |       |       |       |       ||     1
 Cast: Summon Small Mamm |    59 |    17 |     6 |    31 |     5 |       ||   118
       Call Canine Famil |       |    12 |    12 |    67 |    64 |     2 ||   157
       Summon Lightning  |       |     1 |    21 |    65 |    91 |     9 ||   187
       Summon Guardian G |       |       |     4 |     4 |    20 |     2 ||    30
       Call Imp          |       |       |       |       |     7 |       ||     7
       Summon Cactus Gia |       |       |       |       |    73 |    41 ||   114
       Summon Mana Viper |       |       |       |       |    45 |    27 ||    72
       Summon Forest     |       |       |       |       |     7 |     7 ||    14
       Animate Armour    |       |       |       |       |       |     5 ||     5
       Summon Horrible T |       |       |       |       |       |     2 ||     2
       Dragon's Call     |       |       |       |       |       |     1 ||     1
       Spellforged Servi |       |       |       |       |       |     1 ||     1
Evoke: Wand              |       |     1 |     3 |     5 |    13 |    13 ||    35
       Lightning rod     |       |       |       |       |     9 |     4 ||    13
       Box of beasts     |       |       |       |       |       |     2 ||     2
  Use: Scroll            |       |     5 |     8 |    11 |    12 |     8 ||    44
       Potion            |       |       |     3 |     3 |     6 |     4 ||    16
 Stab: Sleeping          |     1 |    15 |     4 |    14 |    14 |     4 ||    52
       Distracted        |       |     2 |       |     6 |    10 |     6 ||    24
       Invisible         |       |       |       |       |     1 |       ||     1
       Paralysed         |       |       |       |       |       |     1 ||     1
Armor: Robe              |     5 |    22 |    19 |    47 |    79 |    32 ||   204
Dodge: Dodged            |    11 |    86 |    41 |   221 |   235 |    74 ||   668
Block: Other             |       |       |       |       |    25 |       ||    25
       Buckler           |       |       |       |       |   205 |    94 ||   299
       Reflection        |       |       |       |       |     7 |    13 ||    20

Table legend: (Time is in decaauts)
 A = Elapsed time spent in this place.
 B = Non-inter-level travel time spent in this place.
 C = Inter-level travel time spent in this place.
 D = Time resting spent in this place.
 E = Time spent auto-exploring this place.
 F = Levels seen in this place.
 G = Mean time per level.
                   A        B        C        D        E       F      G
               +--------+--------+--------+--------+--------+-----+--------+
         Total |  35081 |  33567 |   1514 |   2408 |  24581 |  28 | 1252.9 |
       Dungeon |  19154 |  18312 |    842 |   1102 |  14136 |  15 | 1276.9 |
          Lair |   9475 |   9147 |    328 |    890 |   6637 |   6 | 1579.2 |
        Shoals |   2013 |   1809 |    204 |    160 |   1149 |   2 | 1006.5 |
     Snake Pit |    595 |    595 |      0 |      7 |    333 |   1 |  595.0 |
  Orcish Mines |   1902 |   1765 |    137 |     49 |   1326 |   2 |  951.0 |
         Abyss |    723 |    723 |      0 |     68 |    305 |   1 |  723.0 |
      Ice Cave |   1216 |   1216 |      0 |    132 |    694 |   1 | 1216.0 |
               +--------+--------+--------+--------+--------+-----+--------+

Top non-repeatable levels by time:
  Lair:6: 3612 daAuts
Shoals:1: 1865 daAuts
    D:11: 1613 daAuts
  Lair:2: 1594 daAuts
    D:10: 1537 daAuts
     D:2: 1512 daAuts
     D:8: 1475 daAuts
     D:9: 1394 daAuts
     D:6: 1383 daAuts
  Lair:1: 1363 daAuts
     D:1: 1361 daAuts
    D:12: 1357 daAuts
     D:7: 1329 daAuts
    D:14: 1319 daAuts
    D:15: 1228 daAuts
